 Dungeon Sprint DCSS version 0.29-a0-892-g2c4c91d9db (webtiles) character file.

Game seed: 707361323184718116

2181 mhtbhm the Protected (level 9, -4/64 HPs)
             Began as a Gargoyle Fighter on July 23, 2022.
             Was an Elder of Okawaru.
             Slain by a cyclops (12 damage)
             ... in the Dungeon (Sprint IX: "|||||||||||||||||||||||||||||").
             The game lasted 00:01:56 (475 turns).

mhtbhm the Protected (Gargoyle Fighter)              Turns: 475, Time: 00:01:57

Health: -4/64      AC: 17    Str: 24    XL:     9   Next: 33%
Magic:  9/9        EV: 11    Int:  9    God:    Okawaru [****..]
Gold:   0          SH:  7    Dex: 15    Spells: 8/8 levels left

rFire   . . .      SeeInvis .   a - +0 flail
rCold   . . .      Faith    .   c - +0 buckler
rNeg    + . .      Spirit   .   b - +2 ring mail
rPois   ∞          Reflect  .   (no helmet)
rElec   +          Harm     .   (no cloak)
rCorr   .          Rampage  .   n - +0 pair of gloves
Will    .....      NoTele   +   (no boots)
Stlth   ++........              (no amulet)
HPRegen 0.20/turn               o - +3 ring of dexterity
MPRegen 0.11/turn               p - +3 ring of dexterity

@: on berserk cooldown, slowed, invisible, very slow
A: sickness immunity, AC +6, negative energy resistance 1, electricity
resistance, torment resistance 1, petrification resistance
a: Renounce Religion, Heroism, Finesse


You were in the Dungeon.
You worshipped Okawaru.
Okawaru was greatly pleased with you.
You visited 1 branch

Inventory:

Hand Weapons
 a - a +0 flail (weapon)
Armour
 b - a +2 ring mail (worn)
 c - a +0 buckler (worn)
 n - a +0 pair of gloves (worn)
Jewellery
 o - a +3 ring of dexterity (left hand)
 p - a +3 ring of dexterity (right hand)
Wands
 m - a wand of iceblast (5)
Scrolls
 j - 2 scrolls of blinking
 l - 2 scrolls of amnesia
Potions
 d - a potion of might
 e - 3 potions of curing
 h - 4 potions of magic


   Skills:
 + Level 11.3 Fighting
 + Level 11.4 Maces & Flails
 + Level 11.6 Armour
 + Level 2.0 Dodging
 + Level 3.3 Stealth
 + Level 10.1 Shields
 + Level 3.6 Evocations


You had 8 spell levels left.
You didn't know any spells.
Your spell library was empty.

Dungeon Overview and Level Annotations

Branches:
Dungeon (1/1)

Altars:
Cheibriados
Dithmenos
Elyvilon
Fedhas
Gozag
Hepliaklqana
Kikubaaqudgha
Makhleb
Nemelex Xobeh
Okawaru
Qazlal
Ru
Sif Muna
Trog
Uskayaw
Vehumet
Wu Jian
Xom
Yredelemnul
Zin
The Shining One
Jiyva
Lugonu


Innate Abilities, Weirdness & Mutations

You are immune to sickness and miasma.
Your stone body is resilient. (AC +6)
You are immune to poison.
You resist negative energy. (rN+)
You are resistant to electric shocks. (rElec)
You are resistant to unholy torment.
You are immune to petrification.


Message History

You hit the howler monkey.
The howler monkey is moderately wounded.
You sock the howler monkey!
You kill the howler monkey!
Okawaru accepts your kill.
Your Stealth skill increases to level 3!
The slime creature hits you but does no damage.
There is an open door, spattered with blood here.
Items here: ( †††.
You hit the slime creature.
The slime creature is lightly wounded.
You catch the helpless slime creature completely off-guard!
You bludgeon the slime creature!!
The slime creature is heavily wounded.
You block the slime creature's attack.
You catch the helpless slime creature completely off-guard!
You sock the slime creature!
The slime creature is severely wounded.
You sock the slime creature!
You kill the slime creature!
Okawaru accepts your kill.
Your Dodging skill increases to level 2!
You barely miss the cyclops. You hit the cyclops but do no damage.
You block the cyclops's attack.
You barely miss the cyclops. You thump the cyclops!
The cyclops is lightly wounded.
You are no longer berserk.
You are exhausted.
You feel yourself slow down. The cyclops closely misses you.
You hit the cyclops.
The cyclops is lightly wounded.
You sock the cyclops!
The cyclops is moderately wounded.
The cyclops hits you!
* * * LOW HITPOINT WARNING * * *
You hit the cyclops.
The cyclops is moderately wounded.
The cyclops hits you!
You die... ▓▓▓▓▓▓▓▓▓▓▓▓▓▓▓▓▓▓▓▓▓▓▓▓ +....TC@......'[..[..).) ▓▓▓▓▓▓▓▓▓▓▓▓▓▓▓▓▓▓▓▓▓▓▓▓

You could see a cyclops (unable to see you) and a troll (unable to see you).

Vanquished Creatures
  A two-headed ogre (D)
  2 cyclopes (D)
  A troll (D)
  A hornet (D)
  A slime creature (D)
  A vampire mosquito (D)
  3 howler monkeys (D)
  An iguana (D)
  An adder (D)
  A dart slug (D)
  An orc (D)
  2 goblins (D)
  A jackal (D)
  2 frilled lizards (D)
  A rat (D)
20 creatures vanquished.

Notes
Turn   | Place    | Note
-------+----------+-------------------------------------------
     0 | D        | mhtbhm the Gargoyle Fighter began the quest for the Orb.
     0 | D        | Reached XP level 1. HP: 14/14 MP: 1/1
   105 | D        | Noticed an iguana
   111 | D        | Reached XP level 2. HP: 20/20 MP: 2/2
   126 | D        | Reached skill level 5 in Fighting
   126 | D        | Reached skill level 5 in Armour
   126 | D        | Reached XP level 3. HP: 19/26 MP: 3/3
   237 | D        | Found a snail-covered altar of Cheibriados.
   237 | D        | Found a shadowy altar of Dithmenos.
   237 | D        | Found a white marble altar of Elyvilon.
   237 | D        | Found a blossoming altar of Fedhas.
   237 | D        | Found an opulent altar of Gozag.
   238 | D        | Found a hazy altar of Hepliaklqana.
   239 | D        | Found a viscous altar of Jiyva.
   240 | D        | Found an ancient bone altar of Kikubaaqudgha.
   241 | D        | Found a corrupted altar of Lugonu.
   242 | D        | Found a burning altar of Makhleb.
   243 | D        | Found a sparkling altar of Nemelex Xobeh.
   244 | D        | Found an iron altar of Okawaru.
   247 | D        | Found a stormy altar of Qazlal.
   248 | D        | Found a sacrificial altar of Ru.
   249 | D        | Found a shimmering blue altar of Sif Muna.
   250 | D        | Found a bloodstained altar of Trog.
   251 | D        | Found a hide-covered altar of Uskayaw.
   252 | D        | Found a radiant altar of Vehumet.
   253 | D        | Found an ornate altar of the Wu Jian Council.
   254 | D        | Became a worshipper of Warmaster Okawaru
   255 | D        | Found a shimmering altar of Xom.
   256 | D        | Found a basalt altar of Yredelemnul.
   257 | D        | Found a glowing silver altar of Zin.
   258 | D        | Found a glowing golden altar of the Shining One.
   309 | D        | Noticed a troll
   309 | D        | Noticed a hornet
   309 | D        | Noticed a vampire mosquito
   309 | D        | Noticed a two-headed ogre
   317 | D        | Reached skill level 5 in Shields
   317 | D        | Reached XP level 4. HP: 32/32 MP: 4/4
   325 | D        | Killed a two-headed ogre
   325 | D        | Reached * piety under Okawaru
   325 | D        | Reached ** piety under Okawaru
   326 | D        | Reached XP level 5. HP: 41/41 MP: 5/5
   326 | D        | Reached XP level 6. HP: 47/47 MP: 6/6
   326 | D        | Reached XP level 7. HP: 51/51 MP: 7/7
   328 | D        | Killed a vampire mosquito
   329 | D        | Reached skill level 10 in Armour
   338 | D        | Killed a hornet
   339 | D        | Reached skill level 10 in Fighting
   339 | D        | Reached XP level 8. HP: 48/57 MP: 8/8
   353 | D        | Killed a troll
   353 | D        | Reached *** piety under Okawaru
   432 | D        | Noticed a troll
   432 | D        | Noticed a cyclops
   432 | D        | Noticed a slime creature
   432 | D        | Noticed a cyclops
   432 | D        | Noticed a cyclops
   446 | D        | Killed a cyclops
   447 | D        | Reached skill level 10 in Maces & Flails
   447 | D        | Reached skill level 1 in Dodging
   447 | D        | Reached skill level 1 in Stealth
   461 | D        | Killed a cyclops
   461 | D        | Reached **** piety under Okawaru
   462 | D        | Reached skill level 10 in Shields
   462 | D        | Reached XP level 9. HP: 30/64 MP: 9/9
   475 | D        | Slain by a cyclops

Illustrated notes

Levels and vault maps discovered:
D:        linesprint [early_d, line_temple, items_1, d_10, items_2, lair_1,
          lair_end, items_3, orc_1, orc_end, items_4, d_15, swamp_1, shoals_1,
          snake_1, spider_1, d_20, vaults_1, items_5, swamp_end, shoals_end,
          snake_end, spider_end, vaults_end, d_27, items_6, zot_1, zot_end,
          crypt_end, forest_end, elf_end, slime_end, tomb_end, abyss_end,
          pan_hell_end]

Skill      XL: |  1  2  3  4  5  6  7  8  9 |
---------------+----------------------------+-----
Fighting       | 4 5 9 10 11 | 11.3
Armour         | 4 5 9 10 11 | 11.6
Shields        | 4 5 8 9 10 | 10.1
Maces & Flails | 3 4 7 8 11 | 11.4
Evocations     | 2 3 |  3.6
Dodging        | 1 2 |  2.0
Stealth        | 2 3 |  3.3

Action                   |  1- 3 |  4- 6 |  7- 9 || total
-------------------------+-------+-------+-------++-------
Melee: Flail             |    50 |       |    63 ||   113
Evoke: Wand              |     2 |     3 |       ||     5
  Use: Potion            |     1 |       |     7 ||     8
 Stab: Invisible         |       |       |     5 ||     5
Armor: Scale mail        |    23 |       |       ||    23
       Ring mail         |     1 |       |    14 ||    15
Dodge: Dodged            |    18 |       |    15 ||    33
Block: Buckler           |    10 |       |     8 ||    18

Table legend: (Time is in decaauts)
 A = Elapsed time spent in this place.
 B = Non-inter-level travel time spent in this place.
 C = Inter-level travel time spent in this place.
 D = Time resting spent in this place.
 E = Time spent auto-exploring this place.
 F = Levels seen in this place.
 G = Mean time per level.
                   A        B        C        D        E       F      G
               +--------+--------+--------+--------+--------+-----+--------+
         Total |    465 |    465 |      0 |    227 |      3 |   1 |  465.0 |
       Dungeon |    465 |    465 |      0 |    227 |      3 |   1 |  465.0 |
               +--------+--------+--------+--------+--------+-----+--------+

Top non-repeatable levels by time:
       D: 465 daAuts
